Map: Ruins of Seras

Players

Karasu

  • Race: Protoss Protoss
  • League: Bronze

juhyg - Winner!

  • Race: Zerg Zerg
  • League: Bronze

VOD

Have the link to the VOD?

Description

Time

  • Played on: Feb. 7, 2016, 4:04 a.m.
  • Length: 9:54
Show
View Real Time Build Order
Export as new Build Order

Karasu Protoss 

Build Orders:  

Get SALT Encoding   

  12  0:11  Pylon  
  12  0:24  Probe (Chrono Boost)  
  13  0:31  Gateway  
  13  0:36  Probe (Chrono Boost)  
  14  0:47  Probe (Chrono Boost)  
  15  1:00  Probe (Chrono Boost)  
  16  1:17  Pylon  
  16  1:22  Cybernetics Core  
  16  1:25  Assimilator  
  16  1:27  Probe (Chrono Boost)  
  17  1:37  Probe (Chrono Boost)  
  18  1:48  Probe (Chrono Boost)  
  19  1:59  Gateway x2  
  19  2:02  Gateway  
  19  2:05  Assimilator  
  19  2:07  Probe (Chrono Boost)  
  20  2:18  Probe (Chrono Boost)  
  21  2:28  Probe (Chrono Boost)  
  22  2:39  Probe, Warp Gate (Chrono Boost)  
  22  2:43  Adept  
  27  2:51  Mothership Core  
  27  2:55  Pylon  
  27  3:20  Adept x2  
  31  3:33  Pylon  
  31  3:51  Adept x3  
  37  3:58  Pylon  
  37  3:59  Pylon  
  37  4:16  Nexus  
  37  4:17  Gateway  
  37  4:33  Twilight Council  
  37  4:35  Pylon  
  37  4:43  Pylon  
  37  4:58  Gateway  
  37  4:59  Gateway  
  35  5:46  Adept x5  
  45  6:05  Forge  
  45  6:08  Forge, Resonating Glaives  
  45  6:18  Probe  
  45  6:20  Pylon  
  45  6:23  Pylon  
  46  6:26  Assimilator  
  46  6:28  Probe  
  46  6:30  Sentry  
  46  6:31  Assimilator  
  49  6:34  Sentry  
  49  6:39  Probe  
  52  6:49  Probe  
  53  7:00  Probe  
  29  7:15  Adept  
  29  7:16  Adept x4  
  39  7:33  Zealot  
  35  7:50  Zealot x3  
  29  7:53  Zealot x2  
  29  7:54  Zealot x4  
  35  8:17  Adept x6  
  25  8:43  Zealot x3  
  23  8:58  Adept  
  8  9:15  Zealot  
Show
View Real Time Build Order
Export as new Build Order

juhyg Zerg - Winner!

Build Orders: Hatch First 

Get SALT Encoding   

  12  0:12  Drone x2  
  14  0:17  Overlord  
  14  0:50  Hatchery  
  13  1:01  Spawning Pool  
  13  1:03  Drone  
  13  1:08  Drone  
  14  1:12  Drone  
  15  1:22  Drone  
  16  1:29  Extractor  
  16  1:30  Drone  
  16  1:38  Drone  
  17  1:55  Queen  
  17  1:59  Drone x2  
  21  2:05  Drone  
  22  2:17  Roach Warren  
  22  2:21  Drone x3  
  24  2:26  Zergling x2  
  25  2:34  Lair  
  25  2:37  Drone  
  25  2:38  Drone  
  27  2:47  Drone  
  28  3:14  Overlord x3  
  30  3:34  Roach x3  
  30  3:35  Overlord, Roach x2  
  30  3:39  Queen  
  40  3:48  Extractor  
  39  3:49  Drone  
  40  4:02  Drone x3  
  43  4:08  Overseer  
  43  4:31  Drone x6  
  46  4:32  Drone  
  50  4:41  Hatchery  
  49  4:49  Hydralisk Den  
  49  4:52  Drone x2  
  50  5:17  Overlord  
  50  5:18  Overlord x5  
  50  5:23  Glial Reconstitution, Muscular Augments  
  50  5:50  Roach x3  
  50  5:51  Zergling x4, Roach x4  
  50  5:56  Zergling x8  
  69  6:06  Metabolic Boost  
  69  6:13  Zergling x4  
  69  6:14  Zergling x4  
  69  6:15  Zergling x4  
  75  6:34  Zergling x2  
  75  6:35  Zergling x12  
  75  6:36  Zergling x6  
  85  6:42  Zergling x8  
  83  7:20  Zergling x12  
  83  7:21  Zergling x12  
  83  7:22  Zergling x6  
  98  7:31  Zergling x4  
  83  7:55  Zergling x2  
  83  7:56  Zergling x12  
  83  7:57  Zergling x2  
  89  8:14  Zergling x6  
  89  8:15  Zergling x12  
  89  8:16  Zergling x2  
  69  8:50  Zergling x6  
  69  8:51  Zergling x12  
  71  9:10  Zergling x10  
  71  9:11  Zergling x8  
  79  9:37  Zergling x2  
Tags
 
Add a new tag
Caveats
  • Supply blocks, unpowered buildings, or Contaminate may cause inaccurate times.
  • Supply counts are checked every 10 seconds.